AoeStats
← mryendl2410

Arabia

509070643Analyzed
2v2 RM · 8d ago on Sep 25, 2026· 45m 20s· 4 players
Game mode
Random Map
Map size
Medium (4 player)
Population
200
Speed
Normal
Resources
Standard
Victory
Conquest
Starting age
Dark Age
Ending age
Imperial Age
RankedLock teamsTeams togetherTeam positionsShared explorationLock speedFull tech treeHidden civsTurbo modeCheats
Victory
Defeat
🇻🇳 Ethiopians · Vietnam
1394
+15
🇨🇳 Burgundians · China
1378
+15
🇩🇪 Spanish · Germany
1389
-16
🇮🇳 Mongols · India
1346
-14
成全
7:22 Double-Bit Axe
8:01 Loom
8:52 Horse Collar
11:55 Feudal Age
13:18 Bow Saw
18:32 Castle Age
16:39 Gold Mining
17:08 Heavy Plow
18:16 Scale Barding Armor
19:15 Forging
19:04 Cavalier
24:25 Chain Barding Armor
25:54 Gold Shaft Mining
26:45 Wheelbarrow
28:27 Iron Casting
27:41 Pikeman
28:24 Scale Mail Armor
29:23 Hand Cart
30:17 Husbandry
31:03 Crop Rotation
31:41 Two-Man Saw
32:23 Chain Mail Armor
33:33 Squires
33:18 Arson
34:10 Stone Mining
34:17 Town Watch
39:14 Imperial Age
36:51 Burgundian Vineyards
36:52 Town Patrol
36:26 Light Cavalry
38:01 Stone Shaft Mining
39:22 Paladin
39:22 Hussar
40:52 Plate Barding Armor
41:17 Blast Furnace
45:50 Blast Furnace
mryendl2410
7:38 Loom
10:08 Feudal Age
11:34 Double-Bit Axe
11:30 Horse Collar
15:15 Fletching
18:02 Gold Mining
25:54 Castle Age
23:56 Padded Archer Armor
24:58 Town Watch
26:35 Bodkin Arrow
26:00 Crossbowman
27:46 Leather Archer Armor
27:43 Bow Saw
28:07 Thumb Ring
29:30 Ballistics
chanakya
8:55 Feudal Age
9:30 Loom
16:27 Scale Barding Armor
25:40 Castle Age
24:21 Bloodlines
24:22 Double-Bit Axe
24:35 Horse Collar
25:59 Forging
26:53 Husbandry
28:15 Wheelbarrow
28:54 Chain Barding Armor
38:47 Light Cavalry
uAleks
6:39 Loom
9:12 Feudal Age
9:49 Double-Bit Axe
16:29 Fletching
17:42 Padded Archer Armor
18:02 Horse Collar
19:35 Wheelbarrow
22:49 Castle Age
22:14 Stone Mining
23:40 Bloodlines
23:31 Husbandry
23:53 Scale Barding Armor
24:27 Bow Saw
24:19 Heavy Plow
33:33 Chain Barding Armor
37:01 Imperial Age
34:25 Light Cavalry
35:17 Forging
38:39 Hussar
43:48 Supremacy
43:47 Bodkin Arrow
44:44 Pikeman
45:24 Squires
Connection lost

Rejoining the realm…

Still unreachable

The connection could not be restored.

Session expired

The server has moved on; the page needs a fresh start.